 Dungeon Crawl Stone Soup version 0.18-a0-750-g37044d6 (webtiles) character file.

228 JokEr the Slasher (level 5, -2/38 HPs)
             Began as a High Elf Fighter on Dec 13, 2015.
             Slain by an orc priest
             ... wielding a +0 short sword
              (4 damage)
             ... on level 4 of the Dungeon.
             The game lasted 00:06:42 (3467 turns).

JokEr the Slasher (High Elf Fighter)                Turns: 3467, Time: 00:06:42

Health: -2/38      AC:  6    Str: 16    XL:     5   Next: 70%
Magic:  6/6        EV:  6    Int: 11    God:
Gold:   205        SH:  9    Dex: 15    Spells: 0 memorised, 4 levels left

rFire  . . .     SeeInvis .     a - +1 long sword
rCold  . . .     Clarity  .     b - +0 scale mail
rNeg   . . .     SustAt   .     c - +0 shield
rPois  .         Gourm    .     (no helmet)
rElec  .         Spirit   .     (no cloak)
rCorr  .         Dismiss  .     (no gloves)
rMut   .         Stasis   .     (no boots)
MR     .....                    (no amulet)
Stlth  ..........               (no ring)
                                (no ring)

@: not resistant to hostile enchantments, extremely unstealthy
A: no striking features
a: no special abilities


You were on level 4 of the Dungeon.
You were not hungry.

You visited 1 branch of the dungeon, and saw 4 of its levels.

You collected 205 gold pieces.

Inventory:

Hand Weapons
 a - a +1 long sword (weapon)
Armour
 b - a +0 scale mail (worn)
 c - a +0 shield (worn)
Jewellery
 l - an uncursed ring of protection from fire
 s - an uncursed amulet of the gourmand
 t - an uncursed amulet of faith
Scrolls
 k - 2 scrolls of remove curse
 m - a scroll of noise
Potions
 d - a potion of beneficial mutation {unknown}
 f - a potion of invisibility {unknown}
 h - a potion of magic {unknown}
 i - 2 potions of resistance {unknown}
 n - a potion of brilliance {unknown}
 q - a potion of flight {unknown}
 u - 2 potions of heal wounds
 v - a potion of mutation {unknown}
Comestibles
 e - 2 bread rations
 g - 4 meat rations
 o - 2 slices of pizza


   Skills:
 + Level 4.9 Fighting
 + Level 5.5 Long Blades
 - Level 2.6 Armour
 - Level 2.6 Shields


You had 4 spell levels left.
You didn't know any spells.

Dungeon Overview and Level Annotations

Branches:
Dungeon (4/15)
 Temple: D:4-7

Altars:
Gozag
Makhleb
Ru


Message History

You closely miss the orc wizard.
The orc wizard is moderately wounded.
The orc wizard hits you with a dagger of pain.
You writhe in agony.
The orc priest mumbles some strange prayers to Beogh against you.
Something smites you!
You closely miss the orc wizard.
The orc wizard is moderately wounded.
The orc wizard points at you and mumbles some strange words.
The puff of frost hits you!
You barely miss the orc wizard.
The orc wizard is moderately wounded.
The orc wizard mumbles some strange words.
The orc wizard seems to speed up.
The orc priest mumbles some strange prayers to Beogh against you.
Something smites you!
* * * LOW HITPOINT WARNING * * *
The orc wizard hits you but does no damage.
The orc priest hits you with a short sword.
You die...

........ ##........#. ...
........ ...........##.#.#
....# ...#............... ...##
# #................. ...# ..
##..$#..........# ...###
..#.#...............# .....#
##.#.........#.#...#.##
.[.#.........#.#o#....#.#....#
...######......o@#h...#.##...#
....## #......####...o..#...#
.....# #.....###....##......#
#.##.####...............##...#
#.##....##....#......#..##...##
#) ###......#........##..#....#
#. #.....####.........o....o###
#. #....## ##...............o#
#...## #....รท....o_o..#..


You could see an orc priest and an orc wizard.

Vanquished Creatures
  An iguana (D:4)
  Crazy Yiuf (D:2)
  A hound skeleton (D:4)
  5 adders
  3 oozes
  4 worms (D:3)
  3 giant geckos
  10 orcs
  A ball python (D:1)
  7 bats
  5 giant cockroaches
  5 hobgoblins
  11 jackals
  4 kobolds
  4 giant newts
  10 goblins
  6 rats
81 creatures vanquished.

Notes
Turn   | Place    | Note
--------------------------------------------------------------
     0 | D:1      | JokEr the High Elf Fighter began the quest for the Orb.
     0 | D:1      | Reached XP level 1. HP: 16/16 MP: 2/2
   171 | D:1      | Reached XP level 2. HP: 19/21 MP: 3/3
   491 | D:1      | Reached XP level 3. HP: 21/26 MP: 4/4
   941 | D:2      | Found an opulent altar of Gozag.
   965 | D:2      | Reached skill level 4 in Long Blades
  1031 | D:2      | Reached XP level 4. HP: 17/33 MP: 5/5
  1219 | D:2      | Found a sacrificial altar of Ru.
  1305 | D:2      | Noticed Crazy Yiuf
  1311 | D:2      | Killed Crazy Yiuf
  2164 | D:3      | Reached XP level 5. HP: 34/38 MP: 6/6
  2673 | D:3      | Reached skill level 5 in Long Blades
  3173 | D:4      | Found a burning altar of Makhleb.
  3467 | D:4      | Slain by an orc priest

Vault maps used:
D:1:      saegor_arrival_simple_a, serial_bayou, serial_bayou_lagoon_a,
          serial_bayou_pond_b, serial_bayou_pond_e, serial_bayou_lagoon_b,
          minmay_strange_pillars
D:2:      lemuel_crystal_altar, grunt_gozag_statues, uniq_crazy_yiuf_cottage
D:4:      cheibriados_altar_1, bloody_makhleb

Action                   |  1- 3 |  4- 6 || total
-------------------------+-------+-------++-------
Melee: Long sword        |   142 |   194 ||   336
  Use: Scroll            |     3 |     8 ||    11
       Potion            |       |     4 ||     4
  Eat: Chunk             |       |     3 ||     3
       Bread ration      |       |     1 ||     1
       Pizza             |       |     1 ||     1
